 Dungeon Crawl Stone Soup version 0.29.0-5-ge4962eb29e (webtiles) character file.

Game seed: 10837438643608212551

291751 mtoz the Executioner (level 19, -17/268 HPs)
             Began as a Minotaur Berserker on Aug 29, 2022.
             Was a Priest of Trog.
             Killed from afar by an ice dragon (38 damage)
             ... with a blast of cold
             ... on level 2 of the Depths on Aug 30, 2022.
             The game lasted 02:23:53 (52604 turns).

mtoz the Executioner (Minotaur Berserker)          Turns: 52604, Time: 02:23:54

Health: -17/268    AC: 41    Str: 29    XL:     19   Next: 97%
Magic:  27/27      EV: 14    Int: 10    God:    Trog [***...]
Gold:   2238       SH:  0    Dex: 11    Spells: 18/18 levels left

rFire   + . .      SeeInvis .   y - +6 executioner's axe
rCold   . . .      Faith    +   (shield currently unavailable)
rNeg    . . .      Spirit   .   X - +7 plate armour {rF+}
rPois   .          Reflect  .   N - +2 hat
rElec   +          Harm     .   w - +1 cloak {Will+}
rCorr   .          Rampage  .   p - +2 pair of gloves
Will    +++++                   G - +2 pair of boots
Stlth   ..........              o - amulet of faith
HPRegen 1.54/turn               P - ring "Dehaybb" {rElec MP+9 Int+6 Slay+2}
MPRegen 0.20/turn               H - ring of willpower

@: berserking, strong-willed, regenerating, very quick
A: horns 2, retaliatory headbutt, iridescent scales 1, mutation resistance 1
}: 2/15 runes: barnacled, gossamer
a: Renounce Religion, Berserk, Trog's Hand


You were on level 2 of the Depths.
You worshipped Trog.
Trog was most pleased with you.
You visited 7 branches of the dungeon, and saw 33 of its levels.
You also visited: Sewer and Ice Cave.

You collected 3278 gold pieces.
You spent 1040 gold pieces at shops.

Inventory:

Hand Weapons
 a - a +2 battleaxe of flaming
 y - a +6 executioner's axe (weapon)
 Y - the +6 mace "Ocvuac" {freeze, Dex+8}
   (You found it on level 4 of the Shoals)

   It freezes those it strikes, dealing additional cold damage.
   It can also slow down cold-blooded creatures.
   Dex:       It affects your dexterity (+8).
Missiles
 V - a throwing net (quivered)
Armour
 p - a +2 pair of gloves (worn)
 w - a +1 cloak of willpower (worn)
 G - a +2 pair of boots (worn)
 N - a +2 hat (worn)
 X - a +7 plate armour of fire resistance (worn)
Jewellery
 g - an amulet of reflection
 n - a ring of see invisible
 o - an amulet of faith (around neck)
 z - a +6 ring of dexterity
 C - a ring of flight
 H - a ring of willpower (right hand)
 P - the ring "Dehaybb" (left hand) {rElec MP+9 Int+6 Slay+2}
   (You took it off a centaur on level 3 of the Lair of Beasts)

   [ring of intelligence]

   Int:       It affects your intelligence (+6).
   Slay:      It affects your accuracy & damage with ranged weapons and melee
   (+2).
   rElec:     It insulates you from electricity.
   MP:        It affects your magic capacity (+9).
 S - a ring of poison resistance
 Z - an amulet of regeneration
Wands
 r - a wand of charming (28)
 u - a wand of polymorph (18)
 J - a wand of digging (14)
 K - a wand of acid (31)
 L - a wand of flame (14)
 T - a wand of iceblast (7)
 U - a wand of mindburst (21)
Scrolls
 e - 2 scrolls of blinking
 f - 8 scrolls of poison
 j - 4 scrolls of fog
 k - 22 scrolls of teleportation
 l - 6 scrolls of fear
 m - 7 scrolls of vulnerability
 x - 2 scrolls of torment
 D - 3 scrolls of enchant weapon
 F - a scroll of magic mapping
 M - 21 scrolls of identify
 R - a scroll of enchant armour
Potions
 b - 2 potions of heal wounds
 c - 13 potions of ambrosia
 d - 18 potions of curing
 h - 5 potions of haste
 i - 2 potions of mutation
 q - 3 potions of flight
 s - 12 potions of attraction
 t - 2 potions of cancellation
 v - 4 potions of might
 B - 2 potions of invisibility
 E - 7 potions of lignification
 I - 2 potions of magic
 O - a potion of resistance
Miscellaneous
 A - a lightning rod (4/4)
 Q - a box of beasts
 W - a condenser vane


   Skills:
 + Level 18.3 Fighting
 * Level 24.4 Axes
 + Level 20.5 Armour
 + Level 16.8 Dodging
 + Level 16.0 Evocations


You had 18 spell levels left.
You didn't know any spells.
Your spell library was empty.

Dungeon Overview and Level Annotations

Branches:
Dungeon (15/15)            Temple (0/1) D:4            Lair (5/5) D:11
 Shoals (4/4) Lair:3       Spider (4/4) Lair:2        Slime (0/5) Lair:5
    Orc (2/2) D:12            Elf (1/3) Orc:2        Vaults (0/5) D:14
 Depths (2/4) D:15          Sewer (visited)           IceCv (visited)

Altars:
Ashenzari
Elyvilon
Gozag
Hepliaklqana
Kikubaaqudgha
Makhleb
Nemelex Xobeh
Okawaru
Ru
Trog
Vehumet
Yredelemnul
Zin

Shops:
D:1 (   D:8 :   D:10 *   D:12 *   Orc:2 (:?*

Portals:
Hell: Depths:1
Abyss: Depths:1 Depths:2
Pandemonium: Orc:2
Ziggurat: Depths:2
Trove: D:15 (give +2 gold dragon scales)

Annotations:
D:3 1 runed translucent door
D:4 3 runed translucent doors, Hyawatha's ghost, amateur TrVM
D:5 2 transporters


Innate Abilities, Weirdness & Mutations

You have a pair of horns on your head.
You reflexively headbutt those who attack you in melee.
You are partially covered in iridescent scales. (AC +2)
You are somewhat resistant to further mutation.


Message History

The spriggan berserker hits you with a +0 rapier!!
* * * LOW HITPOINT WARNING * * *
You hear a grinding noise.
The spriggan rider hits you but does no damage.
There is an open door, spattered with blood here.
Okay, then.
Blink to where?
Press: ? - help, Dir - move target
As you read the scroll of blinking, it crumbles to dust.
You hear a shout!
As you read the scroll of teleportation, it crumbles to dust.
You feel strangely unstable.
You hear a shout!
The spriggan defender attacks as you move away!
The spriggan defender hits you but does no damage.
The spriggan berserker rages.
The spriggan defender attacks as you move away!
The spriggan defender hits you with a +4 quick blade!!
* * * LOW HITPOINT WARNING * * *
The deep troll earth mage points at the rock wall and mumbles some strange words.
You hear a grinding noise.
A red film seems to cover your vision as you go berserk!
You feel yourself moving faster!
You feel mighty!
Your surroundings suddenly seem different.
A deep troll earth mage, a deep troll shaman, an ice dragon and a white very ugly thing come into view.
The deep troll earth mage shouts!
The deep troll shaman shouts!
The ice dragon roars deafeningly!
The white very ugly thing gurgles horribly!
You hear a grinding noise.
You hear a shout!
The white very ugly thing barely misses you.
You barely miss the deep troll shaman. You slice the ice dragon!!
You barely miss the white very ugly thing.
You barely miss the deep troll shaman. You headbutt the deep troll shaman!
The deep troll shaman is moderately wounded.
You barely miss the ice dragon.
You closely miss the white very ugly thing.
You hear a grinding noise.
The ice dragon breathes frost at you. The blast of cold hits you!!!
You die...

######
#.T..#
#TDu.#
#.@..#
+....+
######


You could see a white very ugly thing, an ice dragon (catching breath), a deep
troll earth mage and a deep troll shaman.

Vanquished Creatures
  Nikola (Spider:3)
  Rupert (D:12)
  A lich (Depths:1)
  2 krakens
  Frances (D:13)
  Agnes (Spider:4)
  A storm dragon (Shoals:4)
  Roxanne (Shoals:3)
  A frost giant (D:15)
  Louise (D:15)
  6 emperor scorpions
  A fire giant (Depths:1)
  7 ghost moths
  A broodmother (Spider:2)
  An ironbound preserver (D:14)
  4 stone giants
  2 very ugly things
  7 spark wasps
  2 entropy weavers
  Azrael (D:13)
  2 ettins (Depths:2)
  Josephine (D:12)
  7 merfolk javelineers
  A fire dragon (Depths:1)
  9 merfolk impalers
  7 boulder beetles
  Fannar (Orc:1)
  Harold (Lair:2)
  2 ice dragons
  13 two-headed ogres
  A jorogumo (Spider:3)
  2 alligator snapping turtles (Shoals:4)
  8 hydras
  9 centaur warriors
  4 catoblepae
  Erolcha (D:14)
  4 merfolk avatars
  A demonspawn (Orc:2)
  A radroach (Spider:4)
  3 satyrs
  Urug (D:13)
  10 death yaks
  8 merfolk aquamancers
  6 tengu warriors
  7 deep troll shamans
  5 deep troll earth magi
  6 orc high priests (Orc:2)
  2 vampire magi
  3 hell knights (Depths:1)
  A spriggan berserker (Depths:2)
  An iron troll (Depths:1)
  The ghost of sausages the Thaumaturge, a novice DECj of Vehumet (Lair:1)
  7 pharaoh ants
  A sun moth (Spider:4)
  4 skeletal warriors (D:12)
  13 orb spiders
  4 sea snakes
  2 flayed ghosts (Depths:1)
  5 steelbarb worms
  A glowing orange brain (Depths:2)
  A bog body (IceCv)
  8 deep trolls
  5 orc knights
  16 harpies
  3 necromancers
  A deep elf pyromancer (D:14)
  32 wolf spiders
  6 orc sorcerers
  An oklob plant (Shoals:1)
  9 manticores
  21 fauns
  5 cyclopes
  A moth of wrath (Spider:4)
  18 ugly things
  13 water nymphs
  5 merfolk sirens
  2 black mambas
  18 elephants
  2 ice statues (IceCv)
  8 torpor snails
  12 cane toads
  Maggie (D:7)
  An orange demon (Orc:2)
  A cane toad (shapeshifter) (D:15)
  A gargoyle (D:12)
  2 freezing wraiths
  4 rime drakes
  5 demonic crawlers
  2 kobold demonologists (D:13)
  An unseen horror (D:11)
  A rime drake (shapeshifter) (D:15)
  3 komodo dragons
  3 anaconda simulacra (IceCv)
  6 ice devils
  7 trolls
  5 red devils
  32 merfolk
  3 meliai (Spider:4)
  A queen bee (Orc:1)
  7 hornets
  4 polar bears
  5 wind drakes
  A blink frog (shapeshifter) (D:14)
  17 tarantellas
  23 blink frogs
  2 dream sheep (Shoals:3)
  6 slime creatures
  Prince Ribbit (D:5)
  7 snapping turtles
  38 jumping spiders
  Sigmund (D:2)
  22 culicivoras
  7 air elementals (Shoals:4)
  4 basilisks
  4 dire elephant simulacra (IceCv)
  6 wyverns
  30 yaks
  A vampire (D:7)
  21 water elementals
  8 wraiths
  Grum (D:11)
  A neqoxec (Orc:2)
  5 fire elementals (D:13)
  74 redbacks
  A chaos spawn (Orc:2)
  8 vampire mosquitoes
  A harpy simulacrum (IceCv)
  A two-headed ogre zombie (D:14)
  A warg (Orc:2)
  2 hydra simulacra (IceCv)
  15 water moccasins
  3 hell hounds (D:13)
  3 black bears
  26 orc warriors
  3 ice beasts
  A sky beast (D:8)
  22 ogres
  18 wolves
  3 boggarts (D:15)
  14 centaurs
  A phantom (D:7)
  15 bullfrogs
  6 kobold brigands
  3 necrophages
  8 scorpions
  A two-headed ogre simulacrum (IceCv)
  A cane toad simulacrum (IceCv)
  7 wights
  An elephant simulacrum (IceCv)
  37 killer bees
  6 electric eels
  A vampire bat (Lair:3)
  9 howler monkeys
  2 jellies
  23 orc priests
  11 hounds
  6 iguanas
  4 hell rats (Lair:5)
  16 orc wizards
  A troll simulacrum (IceCv)
  A wolf simulacrum (IceCv)
  An ogre zombie (D:14)
  Robin (D:4)
  9 gnolls
  19 adders
  3 river rats (Sewer)
  18 white imps
  An ufetubus (D:6)
  3 worms
  A dart slug (D:1)
  64 orcs
  15 ball pythons
  2 endoplasms
  10 giant cockroaches
  9 hobgoblins
  3 jackals (D:2)
  3 quokkas
  16 bats
  3 frilled lizards
  11 goblins
  13 kobolds
  8 rats
  6 tentacles (Shoals:1)
1272 creatures vanquished.

Vanquished Creatures (collateral kills)
  Gastronok (D:9)
  A frost giant (Depths:2)
  A merfolk impaler (Shoals:1)
  A boulder beetle (D:14)
  A merfolk siren (Shoals:1)
  3 manticores
  A wind drake (Shoals:4)
  A merfolk (Shoals:1)
  A snapping turtle (Shoals:1)
  A boggart (D:15)
  2 tentacles (Shoals:1)
14 creatures vanquished.

Vanquished Creatures (others)
  A pharaoh ant (Spider:3)
  A water elemental (Shoals:4)
  A boggart (D:15)
  41 fungi
  90 plants
  9 tentacles (Shoals:1)
143 creatures vanquished.

Grand Total: 1429 creatures vanquished

Notes
Turn   | Place    | Note
-------+----------+-------------------------------------------
     0 | D:1      | mtoz the Minotaur Berserker began the quest for the Orb.
     0 | D:1      | Reached XP level 1. HP: 19/19 MP: 0/0
   169 | D:1      | Reached XP level 2. HP: 12/27 MP: 1/1
   386 | D:1      | Found a faded altar of an unknown god.
   570 | D:1      | Reached skill level 4 in Axes
   851 | D:1      | Reached XP level 3. HP: 33/33 MP: 2/2
   934 | D:1      | Found Buloilio's Weapon Shop.
  1044 | D:2      | Reached XP level 4. HP: 3/41 MP: 3/3
  1399 | D:2      | Reached ** piety under Trog
  1772 | D:2      | HP: 1/61 [gnoll/+0 halberd (10)]
  1779 | D:2      | Reached XP level 5. HP: 5/47 MP: 4/4
  2109 | D:2      | Noticed Sigmund
  2118 | D:2      | Killed Sigmund
  2119 | D:2      | Reached skill level 5 in Fighting
  2119 | D:2      | Reached skill level 5 in Axes
  2119 | D:2      | Reached XP level 6. HP: 56/56 MP: 5/5
  2390 | D:3      | Noticed a human
  2495 | D:3      | Found a runed translucent door.
  2498 | D:3      | Found a basalt altar of Yredelemnul.
  2540 | D:3      | Noticed a water moccasin
  2545 | D:3      | Killed a water moccasin
  2845 | D:3      | Reached skill level 5 in Armour
  2845 | D:3      | Reached XP level 7. HP: 61/62 MP: 6/6
  3328 | D:4      | Found a staircase to the Ecumenical Temple.
  3337 | D:4      | Reached skill level 6 in Axes
  3377 | D:4      | Noticed Robin
  3388 | D:4      | Reached skill level 5 in Dodging
  3395 | D:4      | Killed Robin
  3428 | D:4      | Found a radiant altar of Vehumet.
  3428 | D:4      | Found a broken altar of Ashenzari.
  3602 | D:4      | Found a glowing silver altar of Zin.
  3602 | D:4      | Noticed an angel
  3618 | D:4      | Found a glowing drain.
  3630 | Sewer    | Entered a sewer
  3912 | Sewer    | Reached *** piety under Trog
  4572 | D:4      | Found a hazy altar of Hepliaklqana.
  4658 | D:4      | Found a runed translucent gate.
  4659 | D:4      | Found a runed translucent gate.
  4661 | D:4      | Found a runed translucent gate.
  4661 | D:4      | Identified the +0 chain mail "Onkieck" {rElec rC+ Dex+4}
  4662 | D:4      | Noticed Hyawatha's ghost (amateur TrVM)
  4764 | D:5      | Entered Level 5 of the Dungeon
  4864 | D:5      | Found a sacrificial altar of Ru.
  4865 | D:5      | Found a white marble altar of Elyvilon.
  4930 | D:5      | Reached XP level 8. HP: 71/71 MP: 7/7
  5267 | D:5      | Noticed Prince Ribbit
  5290 | D:5      | Killed Prince Ribbit
  5291 | D:5      | Reached skill level 7 in Axes
  5291 | D:5      | Reached skill level 1 in Evocations
  5367 | D:5      | Identified the ring "Marepn" {Will+ Str+3 Int+2 SInv}
  5453 | D:5      | Found a transporter.
  5453 | D:5      | Found a transporter.
  5949 | D:6      | Found an ancient bone altar of Kikubaaqudgha.
  6037 | D:6      | Reached skill level 8 in Axes
  6246 | D:6      | Reached XP level 9. HP: 79/79 MP: 8/8
  6858 | D:7      | Noticed a two-headed ogre
  6867 | D:7      | Killed a two-headed ogre
  6868 | D:7      | Reached skill level 9 in Axes
  7570 | D:7      | Reached skill level 10 in Axes
  7585 | D:7      | Noticed Maggie
  7604 | D:7      | Killed Maggie
  7781 | D:7      | Reached XP level 10. HP: 90/90 MP: 9/9
  8709 | D:8      | Reached **** piety under Trog
  8816 | D:8      | Found a bloodstained altar of Trog.
  9059 | D:8      | Found Vineilaj's Book Shoppe.
  9146 | D:8      | Found an opulent altar of Gozag.
  9240 | D:8      | Found a burning altar of Makhleb.
  9374 | D:9      | Noticed Gastronok
  9381 | D:9      | Killed Gastronok
  9382 | D:9      | Reached skill level 11 in Axes
 10256 | D:10     | Entered Level 10 of the Dungeon
 10263 | D:10     | Noticed a two-headed ogre
 10263 | D:10     | Noticed a two-headed ogre
 10270 | D:10     | Killed a two-headed ogre
 10275 | D:10     | Killed a two-headed ogre
 10276 | D:10     | Reached skill level 5 in Evocations
 10276 | D:10     | Reached XP level 11. HP: 83/99 MP: 10/10
 10402 | D:10     | Found a sparkling altar of Nemelex Xobeh.
 10430 | D:10     | Reached skill level 12 in Axes
 10573 | D:10     | Noticed a purple ugly thing
 10580 | D:10     | Killed a purple ugly thing
 11002 | D:10     | Found Nycsedgh's Assorted Antiques.
 11062 | D:10     | Noticed a two-headed ogre
 11073 | D:10     | Killed a two-headed ogre
 11074 | D:10     | Reached skill level 10 in Fighting
 11521 | D:11     | Noticed Grum
 11542 | D:11     | Killed Grum
 11623 | D:11     | Found a staircase to the Lair.
 11813 | D:11     | Noticed a centaur warrior
 11813 | D:11     | Noticed a boulder beetle
 11813 | D:11     | Noticed a two-headed ogre
 11944 | D:10     | Killed a centaur warrior
 11985 | D:10     | Killed a boulder beetle
 12026 | D:11     | Killed a two-headed ogre
 12027 | D:11     | Reached skill level 13 in Axes
 12027 | D:11     | Reached skill level 10 in Armour
 12358 | D:11     | Noticed a two-headed ogre
 13189 | D:11     | Killed a two-headed ogre
 13190 | D:11     | Reached XP level 12. HP: 110/110 MP: 11/11
 13813 | D:11     | Gained mutation: You are partially covered in iridescent
                  | scales. (AC +2) [potion of mutation]
 13813 | D:11     | Gained mutation: You are somewhat resistant to further
                  | mutation. [potion of mutation]
 13864 | Lair:1   | Entered Level 1 of the Lair of Beasts
 14010 | Lair:1   | Reached skill level 14 in Axes
 14065 | Lair:1   | Noticed a death yak
 14067 | Lair:1   | Noticed a death yak
 14087 | Lair:1   | Killed a death yak
 14092 | Lair:1   | Killed a death yak
 14093 | Lair:1   | Reached skill level 10 in Dodging
 14977 | Lair:1   | Found a runed translucent door.
 14979 | Lair:1   | Noticed sausages's ghost (novice DECj)
 14992 | Lair:1   | Killed sausages's ghost
 15731 | Lair:2   | Reached skill level 15 in Axes
 15859 | Lair:2   | Noticed a five-headed hydra
 15867 | Lair:2   | Killed a five-headed hydra
 15957 | Lair:2   | Noticed Harold
 15969 | Lair:2   | Killed Harold
 16122 | Lair:2   | Reached XP level 13. HP: 117/118 MP: 12/12
 16236 | Lair:2   | Found a hole to the Spider Nest.
 16672 | D:12     | Noticed Rupert
 16686 | D:12     | Killed Rupert
 17100 | D:12     | Noticed Josephine
 17123 | D:12     | Killed Josephine
 17189 | D:12     | Found Cemeu's General Store.
 17220 | D:12     | Reached skill level 16 in Axes
 17561 | D:12     | Found a staircase to the Orcish Mines.
 17953 | Orc:1    | Entered Level 1 of the Orcish Mines
 18221 | Orc:2    | Entered Level 2 of the Orcish Mines
 18316 | Orc:2    | Reached ***** piety under Trog
 18560 | Orc:2    | Found Eviqump's Magic Scroll Shoppe.
 18562 | Orc:2    | Found Unwuvip's General Store.
 19376 | Orc:2    | Received a gift from Trog
 19457 | Orc:2    | Found a staircase to the Elven Halls.
 19648 | Orc:2    | Reached XP level 14. HP: 90/129 MP: 13/13
 19683 | Orc:2    | Reached skill level 17 in Axes
 20208 | Orc:2    | Found Rapseapn's Antique Weapon Shop.
 20208 | Orc:2    | Found Wyrgh's Book Boutique.
 20209 | Orc:2    | Found a one-way gate leading to the halls of Pandemonium.
 20213 | Orc:2    | Bought a manual of Armour for 1040 gold pieces
 20362 | Elf:1    | Entered Level 1 of the Elven Halls
 20704 | Orc:1    | Noticed Fannar
 20728 | Orc:1    | Killed Fannar
 21439 | Lair:3   | Found a frozen archway.
 21462 | IceCv    | Entered an ice cave
 22933 | Lair:3   | Received a gift from Trog
 23137 | Lair:3   | Reached skill level 18 in Axes
 23317 | Lair:3   | Identified the ring "Dehaybb" {rElec MP+9 Int+6 Slay+2}
 23406 | Lair:3   | Found a staircase to the Shoals.
 24211 | Lair:4   | Identified a scroll of acquirement
 24212 | Lair:4   | Acquired a manual of Evocations
 25054 | Lair:5   | Entered Level 5 of the Lair of Beasts
 25473 | Lair:5   | Reached XP level 15. HP: 130/138 MP: 14/14
 25600 | Lair:5   | Reached skill level 10 in Evocations
 26078 | Lair:5   | Found a staircase to the Slime Pits.
 26717 | D:13     | Reached skill level 15 in Armour
 26748 | D:13     | Noticed Frances
 26763 | D:13     | Killed Frances
 26764 | D:13     | Reached skill level 19 in Axes
 26898 | D:13     | Noticed Urug
 26905 | D:13     | Killed Urug
 27175 | D:13     | Noticed Azrael
 27204 | D:13     | Killed Azrael
 27885 | D:14     | Identified the +4 morningstar of Purpose {freeze, Fly
                  | Will+}
 28246 | D:14     | Found a gate to the Vaults.
 28452 | D:14     | Reached skill level 15 in Fighting
 28452 | D:14     | Reached XP level 16. HP: 118/149 MP: 15/15
 28893 | D:14     | Noticed Erolcha
 28898 | D:14     | Reached skill level 20 in Axes
 28900 | D:14     | Killed Erolcha
 29345 | D:15     | Entered Level 15 of the Dungeon
 29482 | D:15     | Reached ****** piety under Trog
 29487 | D:15     | Noticed Louise
 29520 | D:15     | Killed Louise
 29800 | D:15     | Received a gift from Trog
 30006 | D:15     | Found a portal to a secret trove of treasure.
 30151 | D:15     | Reached XP level 17. HP: 130/156 MP: 16/16
 30836 | D:15     | Found a staircase to the Depths.
 31651 | Spider:1 | Entered Level 1 of the Spider Nest
 32484 | Spider:1 | Received a gift from Trog
 33383 | Spider:2 | Reached skill level 21 in Axes
 36940 | Spider:3 | Noticed Nikola
 36965 | Spider:3 | Killed Nikola
 38608 | Spider:3 | Received a gift from Trog
 38769 | Spider:3 | Reached XP level 18. HP: 162/168 MP: 17/17
 38815 | Spider:4 | Entered Level 4 of the Spider Nest
 38885 | Spider:4 | Reached skill level 15 in Dodging
 39513 | Spider:4 | Reached skill level 22 in Axes
 40462 | Spider:4 | Noticed Agnes
 40470 | Spider:4 | Killed Agnes
 40841 | Spider:4 | Got a gossamer rune of Zot
 41127 | Shoals:1 | Entered Level 1 of the Shoals
 41238 | Shoals:1 | Received a gift from Trog
 41658 | Shoals:1 | Found an iron altar of Okawaru.
 44205 | Shoals:2 | Reached skill level 15 in Evocations
 44531 | Shoals:2 | Reached skill level 23 in Axes
 44781 | Shoals:3 | Identified Roxanne's Anthology of Spelunking
 44781 | Shoals:3 | Noticed Roxanne
 45185 | Shoals:3 | Killed Roxanne
 45307 | Shoals:3 | Reached XP level 19. HP: 146/177 MP: 18/18
 46240 | Shoals:4 | Entered Level 4 of the Shoals
 46769 | Shoals:4 | Paralysed by an air elemental for 1 turns
 47346 | Shoals:4 | Paralysed by an air elemental for 1 turns
 47369 | Shoals:4 | Paralysed by an air elemental for 1 turns
 47378 | Shoals:4 | HP: 4/178 [drowned by a water nymph (7)]
 48014 | Shoals:4 | Paralysed by an air elemental for 1 turns
 48140 | Shoals:4 | Got a barnacled rune of Zot
 48141 | Shoals:4 | Identified the +6 mace "Ocvuac" {freeze, Dex+8}
 48903 | Shoals:4 | Paralysed by an air elemental for 1 turns
 48907 | Shoals:4 | Paralysed by an air elemental for 1 turns
 49348 | Shoals:4 | Paralysed by an air elemental for 1 turns
 49970 | Depths:1 | Entered Level 1 of the Depths
 50482 | D:15     | Reached skill level 24 in Axes
 51389 | Depths:1 | Found a one-way gate to the infinite horrors of the Abyss.
 51564 | Depths:1 | Found a gateway to Hell.
 51706 | Depths:1 | Found a sacrificial altar of Ru.
 52389 | Depths:2 | Found a one-way gateway to a ziggurat.
 52604 | Depths:2 | Killed from afar by an ice dragon

Illustrated notes

Levels and vault maps discovered:
D:1:      dpeg_arrival_boxorama, layout_rooms, serial_shops, shop,
          basic_ecumenical_altar, hangedman_decor_growths, hex_intersection
D:2:      layout_loops_cross, st_stairs_9, hangedman_decor_diamond_cutter,
          nicolae_underground_beach, uniq_sigmund
D:3:      layout_loops_ring, dk_yredelemnul_ordeal, nrook_campfire,
          grunt_ministairs_9, eino_tiny_chamber
D:4:      layout_rooms, mainiacjoe_overflow_divided_tiny, zin_angel,
          mainiacjoe_overflow_small_starburst,
          minmay_temple_entry_statues_pillars, portal_sewer_entry_b,
          biasface_ghost_orc_armoury, uniq_robin
D:5:      layout_loops_ring, grunt_temple_overflow_open,
          gammafunk_ghost_gnarly_gnolls, uniq_prince_ribbit1
D:6:      layout_loops_ring, kiku_gazebo_pond_becter
D:7:      layout_layer_cave, uniq_maggie
D:8:      layout_rooms, bloody_makhleb, nicolae_gozag_seed_capital,
          trog_ov_bears_minmay, serial_shops, nicolae_shop_behind_doors,
          dreamdust_wishing_well
D:9:      layout_long_grid, uniq_gastronok
D:10:     layout_basic, kennysheep_mini, serial_shops,
          nicolae_shop_overgrown_old_shop, dreamdust_deal_with_the_devil
D:11:     layout_stronghold, erik_lair_island, grunt_potential, uniq_grum
D:12:     layout_rooms, orc_0_dummy, serial_shops, nicolae_shop_trees,
          einodemon_armed_red_devil_minivault, uniq_rupert, uniq_josephine
D:13:     layout_basic, uniq_urug, uniq_frances, uniq_azrael
D:14:     lemuel_ogre_cave, layout_loops_ring, skrybe_vaults_entry_preservation,
          minivault_4, minmay_misc_feat_enclosed, drop_trap
D:15:     grunt_enter_depths_snipers, layout_loops_corners, hex_medium,
          trove_entry_hex_spiral, uniq_louise
Lair:1:   layout_cave_pods, ebering_ghost_inner_flame, st_stairs_6
Lair:2:   layout_regular_city, nicolae_spider_entry_non_spiders, uniq_harold
Lair:3:   layout_regular_city, minmay_shoals_entry_centaurs,
          portal_ice_cave_entry_imps, roderic_batcave,
          infiniplex_staircase_pool, grunt_megastairs_4, serial_bayou_shore_a
Lair:4:   layout_regular_city
Lair:5:   grunt_lair_end_beastmaster, layout_small_grid, slime_entry_1
Shoals:1: layout_shoals, lemuel_oklob_altar
Shoals:2: layout_shoals, nicolae_shoals_loop_pool
Shoals:3: nzn_motion_control, layout_shoals, uniq_roxanne
Shoals:4: shoals_end_hellmonk_storm_palace [storm_palace_center_square,
          storm_palace_corner_reverse_hut, storm_palace_corner_blocked,
          storm_palace_corner_pillars, storm_palace_corner_pillars]
Spider:1: layout_spider_delve
Spider:2: layout_spider_delve
Spider:3: layout_cave_pods, spiders_nest_spider_trap, uniq_nikola
Spider:4: spider_rune_water, uniq_agnes
Orc:1:    layout_diamond_mine, special_room [special_room_bee], uniq_fannar
Orc:2:    pf_orc_diabolical, layout_caves, basic_altar
Elf:1:    eino_elf_arrival_sip, layout_onion_city, serial_shops,
          nicolae_shop_bloodbath_and_beyond, minmay_elf_sorcery
Depths:1: layout_cave_shapes, hellmonk_bongcloud_opening, abyss_entry_glasseish,
          hell_entry, hangedman_decor_push, hangedman_abyss_or_decor_passed,
          st_stairs_12, nrook_loot_triangle, nicolae_ru_path_of_blood
Depths:2: minmay_spiral_squares, layout_basic, enter_ziggurat_a, abyss_entry,
          hangedman_tar_grid_catacomb, hangedman_decor_slide_cut, pan_entry,
          grunt_decor_resistance, kennysheep_generic_room_7, uniq_aizul

Skill      XL: |  1  2  3  4  5  6  7  8  9 10 11 12 13 14 15 16 17 18 19 |
---------------+----------------------------------------------------------+-----
Axes           | 4 5 6 8 10 11 13 15 16 18 19 20 21 23 24 | 24.4
Fighting       | 4 5 6 7 8 9 11 12 13 14 15 16 17 18 | 18.3
Armour         | 3 4 5 7 8 9 10 11 12 14 16 18 19 20 | 20.5
Dodging        | 3 4 5 6 7 8 9 10 11 12 13 14 15 16 | 16.8
Evocations     | 2 3 5 6 7 8 9 11 12 13 15 16 | 16.0

Action                   |  1- 3 |  4- 6 |  7- 9 | 10-12 | 13-15 | 16-18 | 19-21 || total
-------------------------+-------+-------+-------+-------+-------+-------+-------++-------
Melee: Hand axe          |    65 |    70 |   362 |   147 |       |       |       ||   644
       Headbutt          |     9 |    11 |    66 |   133 |   238 |   228 |   107 ||   792
       Punch             |       |       |     9 |     9 |     1 |       |       ||    19
       War axe           |       |       |       |   375 |   122 |       |       ||   497
       Dire flail        |       |       |       |     6 |       |       |       ||     6
       Battleaxe         |       |       |       |       |   221 |       |       ||   221
       Executioner's axe |       |       |       |       |   644 |  1075 |   519 ||  2238
Invok: Berserk           |     1 |     4 |     5 |    10 |     7 |     7 |     8 ||    42
       Trog's Hand       |       |     3 |     7 |    26 |    29 |    44 |    22 ||   131
       Brothers in Arms  |       |       |       |     1 |     2 |     7 |     4 ||    14
Evoke: Wand              |       |       |       |     4 |       |    18 |     9 ||    31
       Box of beasts     |       |       |       |       |       |       |     1 ||     1
  Use: Scroll            |       |     3 |     9 |    11 |    10 |     1 |     2 ||    36
       Potion            |       |       |     6 |     3 |     1 |       |     4 ||    14
 Stab: Paralysed         |       |       |       |       |     1 |       |       ||     1
Armor: Animal skin       |     4 |       |       |       |       |       |       ||     4
       Ring mail         |    12 |    20 |    67 |       |       |       |       ||    99
       Scale mail        |       |       |    33 |       |       |       |       ||    33
       Plate armour      |       |       |    53 |   367 |   775 |  1228 |   518 ||  2941
Dodge: Dodged            |    38 |    34 |   222 |   359 |   733 |   976 |   405 ||  2767
Block: Other             |       |       |     9 |       |       |       |       ||     9
